 Dungeon Crawl Stone Soup version 0.27.1 (webtiles) character file.

Game seed: 760604543819298293

38 MajorAdolf the Cutter (level 3, 0/33 HPs)
             Began as a Naga Wanderer on Aug 26, 2021.
             Slain by a gnoll (2 damage)
             ... on level 1 of the Dungeon.
             The game lasted 00:03:16 (2391 turns).

MajorAdolf the Cutter (Naga Wanderer)               Turns: 2391, Time: 00:03:17

Health: 0/33       AC:  2    Str: 17    XL:     3   Next: 43%
Magic:  0/3        EV:  9    Int: 10    God:
Gold:   29         SH:  0    Dex: 10    Spells: 2/2 levels left

rFire    . . .     SeeInvis +   a - +2 hand crossbow
rCold    . . .     Faith    .   (no shield)
rNeg     . . .     Spirit   +   f - +0 robe
rPois    +         Reflect  .   (no helmet)
rElec    .         Harm     .   (no cloak)
rCorr    .         Rampage  .   (no gloves)
Will     .....                  (no barding)
Stlth    ++........             j - amulet of guardian spirit
HPRegen  0.11/turn              (no ring)
MPRegen  0.08/turn              (no ring)

@: short of breath, very slow
A: AC +1, large, see invisible, deformed body, poison resistance, slowness 2,
spit poison 1, naga tail 1
a: Spit Poison


You were on level 1 of the Dungeon.
You visited 1 branch of the dungeon, and saw 1 of its levels.

You collected 29 gold pieces.

Inventory:

Hand Weapons
 a - a +2 hand crossbow (weapon)
 c - a +0 short sword
 e - a +0 dagger
Missiles
 b - 26 bolts (quivered ammo)
 d - 8 poisoned darts
Armour
 f - a +0 robe (worn)
Jewellery
 j - an amulet of guardian spirit (around neck)
Scrolls
 g - 3 scrolls of identify {unknown}
 h - a scroll of immolation {unknown}
Potions
 i - a potion of haste {unknown}


   Skills:
 + Level 2.4 Fighting
 - Level 3.2 Short Blades
 - Level 3.0 Crossbows
 - Level 1.0 Throwing
 - Level 0.2 Dodging
 - Level 3.1 Stealth


You had 2 spell levels left.
You didn't know any spells.
Your spell library contained the following spells:

 Spells                   Type           Power      Damage    Failure   Level
 Tukima's Dance           Hex            0%         N/A       75%         3
 Passage of Golubria      Tloc           N/A        N/A       98%         4
 Yara's Violent Unravell  Hex/Tmut       0%         3d3       100%        5


Dungeon Overview and Level Annotations

Branches:
Dungeon (1/15)

Altars:


Innate Abilities, Weirdness & Mutations

Your serpentine skin is tough. (AC +1)
You have supernaturally acute eyesight. (SInv)
Armour fits poorly on your strangely shaped body.
Your system is resistant to poisons. (rPois)
You cover ground very slowly.
You can spit poison.
You have a snake-like lower body.


Message History

No target in view!
No target in view!
You have got your breath back.
A gnoll comes into view. It is wielding a +0 flail.
A gnoll is nearby!
The splash of poison misses the gnoll.
The gnoll shouts!
The gnoll hits you with a +0 flail.
You have got your breath back.
The gnoll hits you with a +0 flail!
Press: ? - help, Shift-Dir - straight line, f/p - gnoll
Aim: a gnoll, wielding a +0 flail and wearing a +0 leather armour The splash of poison misses the gnoll.
The gnoll barely misses you.
You have got your breath back.
The gnoll hits you with a +0 flail!
Press: ? - help, Shift-Dir - straight line, f/p - gnoll
Aim: a gnoll, wielding a +0 flail and wearing a +0 leather armour The splash of poison misses the gnoll.
The gnoll hits you with a +0 flail!
* * * LOW HITPOINT WARNING * * *
Unknown command.
Okay, then.
Okay, then.
You are already wielding that!
Unknown command.
a - a +2 hand crossbow (weapon)
The gnoll barely misses you.
Unknown command.
Fire: 28 bolts
Press: ? - help, Q - select action, (/) - cycle Shift-Dir - straight line, f/p - gnoll
Aim: a gnoll, wielding a +0 flail and wearing a +0 leather armour (68% to hit)
You shoot a bolt. The bolt hits the gnoll!
The gnoll is heavily wounded.
The gnoll closely misses you.
Fire: 27 bolts
Press: ? - help, Q - select action, (/) - cycle Shift-Dir - straight line, f/p - gnoll
Aim: a gnoll, wielding a +0 flail and wearing a +0 leather armour (heavily wounded, 68% to hit)
You shoot a bolt. The bolt hits the gnoll.
The gnoll is almost dead.
The gnoll hits you with a +0 flail.
You die...

#.........# #..##.############
#.........# #..#)......# #
#..##.....# #..##.####.# # #..
###..## #..##.# #.# #. #..#
#..##.## #.# #..####..#
#..#...###.### #........#
#....#.......# #
#..#####.####..#.........#####
#....##@.##.####........
#....##g.##.# #...)...#
#........##.# #.######.
............##.####.# ##
.........##..#....##.# #
.####....##..#.......# #
#....##..##.#.#### #
#....##..##.#.# #
###.###..#....#


You could see a gnoll.

Vanquished Creatures
  A ball python (D:1)
  4 endoplasms (D:1)
  2 goblins (D:1)
  5 hobgoblins (D:1)
  9 jackals (D:1)
  4 bats (D:1)
  A frilled lizard (D:1)
  2 kobolds (D:1)
  3 rats (D:1)
31 creatures vanquished.

Notes
Turn   | Place    | Note
-------+----------+-------------------------------------------
     0 | D:1      | MajorAdolf the Naga Wanderer began the quest for the Orb.
     0 | D:1      | MajorAdolf set off with the following items: a +2 hand
                  | crossbow, 30 bolts, a +0 short sword, 9 poisoned darts, a
                  | +0 dagger, a +0 robe
     0 | D:1      | Reached XP level 1. HP: 18/18 MP: 1/1
   494 | D:1      | Reached XP level 2. HP: 25/25 MP: 2/2
  1724 | D:1      | Reached XP level 3. HP: 17/32 MP: 3/3
  2388 | D:1      | HP: 1/33 [gnoll (11)]
  2391 | D:1      | Slain by a gnoll

Illustrated notes

Levels and vault maps discovered:
D:1:      dpeg_arrival_boxes_within_box, layout_loops_ring

Skill      XL: |  1  2  3 |
---------------+----------+-----
Crossbows      | 3 |  3.0
Fighting       | 2 |  2.4
Short Blades   | |  3.2
Throwing       | |  1.0
Dodging        | |  0.2
Stealth        | |  3.1

Action                   || total
-------------------------++-------
Melee: Short sword       ||    49
       Dagger            ||     4
 Fire: Hand crossbow     ||    14
Throw: Dart              ||     7
 Abil: Spit Poison       ||    20
 Stab: Sleeping          ||     1
Armor: Robe              ||     9
Dodge: Dodged            ||    33
